 Dungeon Crawl Stone Soup version 0.30.1-4-g462c640d31 (webtiles) character file.

Game seed: 18315479975364304580

217 Bobit the Chopper (level 5, -10/43 HPs)
             Began as a Gnoll Reaver on Aug 15, 2023.
             Was an Initiate of the Shining One.
             Mangled by an iguana (12 damage)
             ... on level 3 of the Dungeon.
             The game lasted 00:05:09 (3356 turns).

Bobit the Chopper (Gnoll Reaver)                    Turns: 3356, Time: 00:05:11

Health: -10/43     AC:  6    Str: 13    XL:     5   Next: 94%
Magic:  9/12       EV: 10    Int: 12    God:    the Shining One [......]
Gold:   162        SH:  0    Dex: 11    Spells: 8/14 levels left

rFire   . . .        u - +2 dagger (elec)
rCold   . . .        (no shield)
rNeg    . . .        m - +0 scale mail
rPois   .            (no helmet)
rElec   .            (no cloak)
rCorr   .            (no gloves)
SInv    .            (no boots)
Will    .....        k - amulet of the acrobat Stlth
                     (no ring)
HPRegen 0.27/turn    (no ring)
MPRegen 0.13/turn

%: acrobat
@: immotile, very slightly contaminated, glowing
A: fangs 1, strong nose, distributed training
a: Renounce Religion


You were on level 3 of the Dungeon.
You worshipped the Shining One.
The Shining One was noncommittal.
You visited 1 branch of the dungeon, and saw 4 of its levels.

You collected 162 gold pieces.

Inventory:

Hand Weapons
 a - a +0 hand axe
 u - a +2 dagger of electrocution (weapon)
Missiles
 p - a throwing net
Armour
 b - a +0 leather armour
 m - a +0 scale mail (worn)
Jewellery
 k - an amulet of the acrobat (around neck)
Scrolls
 c - a scroll of magic mapping {unknown}
 d - a scroll of vulnerability {unknown}
 f - 2 scrolls of torment {unknown}
 g - a scroll of silence {unknown}
 h - a scroll of brand weapon {unknown}
 i - 2 scrolls of teleportation {unknown}
 j - 4 scrolls of identify {unknown}
 o - a scroll of fog {unknown}
 t - a scroll of fear {unknown}
 v - a scroll of immolation {unknown}
Potions
 e - a potion of degeneration {unknown}
 l - 2 potions of curing {unknown}
 n - a potion of mutation {unknown}
 q - a potion of lignification {unknown}
 r - a potion of magic {unknown}
 s - a potion of heal wounds {unknown}


   Skills:
 + Level 4.9 Fighting
 + Level 1.8 Short Blades
 + Level 1.8 Long Blades
 + Level 6.8 Axes
 + Level 1.8 Maces & Flails
 + Level 1.8 Polearms
 + Level 1.8 Staves
 + Level 1.8 Ranged Weapons
 + Level 1.8 Throwing
 + Level 1.8 Armour
 + Level 4.9 Dodging
 + Level 1.8 Stealth
 + Level 1.8 Shields
 + Level 1.8 Unarmed Combat
 + Level 5.3 Spellcasting
 + Level 5.6 Conjurations
 + Level 1.4 Hexes
 + Level 1.4 Summonings
 + Level 1.4 Necromancy
 + Level 1.4 Translocations
 + Level 1.4 Transmutations
 + Level 1.4 Fire Magic
 + Level 1.4 Ice Magic
 + Level 1.4 Air Magic
 + Level 1.4 Earth Magic
 + Level 1.4 Poison Magic
 + Level 2.0 Invocations
 + Level 1.8 Evocations


You had 8 spell levels left.
You knew the following spells:

 Your Spells              Type           Power      Damage    Failure   Level
a - Kiss of Death         Conj/Necr      44%        2d8       22%         1
b - Momentum Strike       Conj/Tloc      22%        3d8       32%         2
c - Hailstorm             Conj/Ice       11%        3d5       54%         3

Your spell library contained the following spells:

 Spells                   Type           Power      Damage    Failure   Level
 Necrotise                Necr           24%        1d5       45%         1
 Blink                    Tloc           12%        N/A       61%         2
 Lesser Beckoning         Tloc           12%        N/A       61%         2
 Ozocubu's Armour         Ice            6%         N/A       83%         3
 Vampiric Draining        Necr           6%         2d6       83%         3
 Agony                    Necr           6%         N/A       100%        5
 Metabolic Englaciation   Hex/Ice        3%         N/A       100%        5
 Simulacrum               Ice/Necr       3%         N/A       100%        6


Dungeon Overview and Level Annotations

Branches:
Dungeon (4/15)
 Temple: D:4-7

Altars:
Fedhas
The Shining One


Innate Abilities, Weirdness & Mutations

You have very sharp teeth.
Your uncanny sense of smell can sniff out nearby items.
Your experience applies equally to all skills.


Message History

The iguana attacks as you move away! The iguana barely misses you.
The water moccasin attacks as you move away!
The water moccasin completely misses you.
The iguana attacks as you move away! The iguana bites you.
The water moccasin misses you. The iguana attacks as you move away!
The iguana misses you. The water moccasin closely misses you.
The water moccasin attacks as you move away!
The water moccasin completely misses you.
The iguana attacks as you move away!
The iguana bites you but does no damage.
The iguana attacks as you move away! The iguana closely misses you.
The iguana attacks as you move away! The iguana bites you!
The iguana attacks as you move away! The iguana closely misses you.
The water moccasin barely misses you.
There is a stone staircase leading up here.
The water moccasin bites you. The iguana bites you!
You climb upwards.
There is a stone staircase leading down here.
Casting: Momentum Strike (dangerous; 32% risk of failure)
Confirm with . or Enter, or press ? or * to list all spells.
Aiming: Momentum Strike (dangerous; 32% risk of failure)
Press: ? - help, Dir - move target, f - water moccasin
Aim: a water moccasin (haloed, 66% to hit)
The concentrated momentum hits the water moccasin!
The water moccasin is moderately wounded.
You are unable to move.
The water moccasin misses you. The iguana bites you!
* * * LOW HITPOINT WARNING * * *
The water moccasin bites you!
* * * LOW HITPOINT WARNING * * *
Casting: Momentum Strike (dangerous; 32% risk of failure)
Confirm with . or Enter, or press ? or * to list all spells.
Casting this spell will place you under penance.
Really cast?
Aiming: Kiss of Death (safe; 22% risk of failure)
Press: ? - help, Shift-Dir - straight line, f/p - water moccasin
Aim: a water moccasin (moderately wounded, haloed, 100% to hit)
You miscast Kiss of Death.
You are very lightly contaminated with residual magic.
Nothing appears to happen.
The iguana bites you!
You die...

.....#........# ### #.#.# #.#
###..........(# #.# #.#.#####.#
###..#........###.# #.#.......#
..................# #.#.#####.#
......#.###.#.###.####.#######.#
......#.###.#.......##.........#
...............##.#.##########.#
......#........l....##########.#
...............S@....#.........#
........#.#.#..#..#..#.##########
###.#####.#..........#.# #.# #
#.# #.#.#.##..#.##.########.#
###.#####.#.#.##.................
....................##.#####..#..
###.#####.#.#.....#.##.# #..#.. #
#.# #.#.#.##+##.##.# #..#.. #
#.#####.#.#..........#####..#..


You could see a water moccasin and an iguana.

Vanquished Creatures
  A phantom (D:2)
  A hound (D:4)
  2 adders (D:3)
  6 worms
  3 dart slugs
  5 orcs
  5 ball pythons
  5 endoplasms
  2 giant cockroaches
  7 hobgoblins
  4 jackals (D:3)
  6 kobolds
  A quokka (D:1)
  4 bats
  2 frilled lizards
  8 goblins
  2 rats
64 creatures vanquished.

Notes
Turn   | Place    | Note
-------+----------+-------------------------------------------
     0 | D:1      | Bobit the Gnoll Reaver began the quest for the Orb.
     0 | D:1      | Reached XP level 1. HP: 20/20 MP: 6/6
   200 | D:1      | Reached XP level 2. HP: 25/26 MP: 7/7
   981 | D:2      | Reached skill level 5 in Spellcasting
   981 | D:2      | Reached XP level 3. HP: 13/31 MP: 7/9
  1259 | D:2      | Reached skill level 1 in Invocations
  1328 | D:2      | Noticed a phantom
  1356 | D:2      | Killed a phantom
  1357 | D:2      | Reached skill level 1 in Short Blades
  1357 | D:2      | Reached skill level 1 in Long Blades
  1357 | D:2      | Reached skill level 1 in Maces & Flails
  1357 | D:2      | Reached skill level 1 in Polearms
  1357 | D:2      | Reached skill level 1 in Staves
  1357 | D:2      | Reached skill level 1 in Ranged Weapons
  1357 | D:2      | Reached skill level 1 in Throwing
  1357 | D:2      | Reached skill level 1 in Armour
  1357 | D:2      | Reached skill level 1 in Stealth
  1357 | D:2      | Reached skill level 1 in Shields
  1357 | D:2      | Reached skill level 1 in Unarmed Combat
  1357 | D:2      | Reached skill level 1 in Hexes
  1357 | D:2      | Reached skill level 1 in Summonings
  1357 | D:2      | Reached skill level 1 in Necromancy
  1357 | D:2      | Reached skill level 1 in Translocations
  1357 | D:2      | Reached skill level 1 in Transmutations
  1357 | D:2      | Reached skill level 1 in Fire Magic
  1357 | D:2      | Reached skill level 1 in Ice Magic
  1357 | D:2      | Reached skill level 1 in Air Magic
  1357 | D:2      | Reached skill level 1 in Earth Magic
  1357 | D:2      | Reached skill level 1 in Poison Magic
  1357 | D:2      | Reached skill level 1 in Evocations
  1357 | D:2      | Reached XP level 4. HP: 8/38 MP: 11/11
  1674 | D:2      | Learned a level 2 spell: Momentum Strike
  1678 | D:2      | Learned a level 3 spell: Hailstorm
  1821 | D:3      | Reached XP level 5. HP: 43/43 MP: 12/12
  1865 | D:3      | Found a glowing golden altar of the Shining One.
  1876 | D:3      | Became a worshipper of the Shining One
  2858 | D:3      | Found a blossoming altar of Fedhas.
  3185 | D:4      | Noticed a water moccasin
  3355 | D:3      | HP: 2/43 [water moccasin (7)]
  3356 | D:3      | Mangled by an iguana

Illustrated notes

Levels and vault maps discovered:
D:1:      dpeg_arrival_round_b, layout_basic
D:2:      layout_basic
D:3:      cheibrodos_greedy_goblins, layout_basic,
          nicolae_overflow_crystal_walls, lemuel_crystal_altar
D:4:      layout_layer_cave, chequers_temple_overflow_statue_of_worship,
          minmay_temple_entry_enclosed_plants, hangedman_abyss_or_decor_stagger,
          uniq_ijyb

Skill      XL: |  1  2  3  4  5 |
---------------+----------------+-----
Spellcasting   | 5 |  5.3
Invocations    | 1 2 |  2.0
Short Blades   | 1 |  1.8
Long Blades    | 1 |  1.8
Maces & Flails | 1 |  1.8
Polearms       | 1 |  1.8
Staves         | 1 |  1.8
Ranged Weapons | 1 |  1.8
Throwing       | 1 |  1.8
Armour         | 1 |  1.8
Stealth        | 1 |  1.8
Shields        | 1 |  1.8
Unarmed Combat | 1 |  1.8
Hexes          | 1 |  1.4
Summonings     | 1 |  1.4
Necromancy     | 1 |  1.4
Translocations | 1 |  1.4
Transmutations | 1 |  1.4
Fire Magic     | 1 |  1.4
Ice Magic      | 1 |  1.4
Air Magic      | 1 |  1.4
Earth Magic    | 1 |  1.4
Poison Magic   | 1 |  1.4
Evocations     | 1 |  1.8
Fighting       | |  4.9
Axes           | |  6.8
Dodging        | |  4.9
Conjurations   | |  5.6

Action                     |  1- 3 |  4- 6 || total
---------------------------+-------+-------++-------
  Melee: Hand axe          |   125 |   121 ||   246
         Bite              |    10 |    11 ||    21
         Dagger            |       |    14 ||    14
         Punch             |       |     1 ||     1
   Cast: Momentum Strike   |       |     1 ||     1
 Armour: Leather armour    |    13 |       ||    13
         Scale mail        |    20 |    47 ||    67
  Dodge: Dodged            |    51 |    91 ||   142
